 Dungeon Crawl Stone Soup version 0.28.0-45-g0d030f2227 (webtiles) character file.

Game seed: 9075908322787758456

18 CryoSword the Insei (level 2, -2/14 HPs)
             Began as a Vine Stalker Transmuter on Apr 17, 2022.
             Slain by a quokka (3 damage)
             ... on level 1 of the Dungeon.
             The game lasted 00:00:47 (937 turns).

CryoSword the Insei (Vine Stalker Transmuter)        Turns: 937, Time: 00:00:47

Health: -2/14      AC:  2    Str: 12    XL:     2   Next: 70%
Magic:  0/6        EV: 12    Int: 13    God:
Gold:   39         SH:  0    Dex: 14    Spells: 4/5 levels left

rFire   . . .      SeeInvis .     - Unarmed
rCold   . . .      Faith    .   (no shield)
rNeg    . . .      Spirit   +   a - +0 robe
rPois   .          Reflect  .   (no helmet)
rElec   .          Harm     .   (no cloak)
rCorr   .          Rampage  .   (no gloves)
Will    .....                   (no boots)
Stlth   +.........              (no amulet)
HPRegen 0.04/turn               (no ring)
MPRegen 0.10/turn               (no ring)

@: no status effects
A: fangs 2, magic shield, antimagic bite, no potion heal 2
a: no special abilities


You were on level 1 of the Dungeon.
You visited 1 branch of the dungeon, and saw 1 of its levels.

You collected 39 gold pieces.

Inventory:

Missiles
 c - 2 poisoned darts
Armour
 a - a +0 robe (worn)
Scrolls
 b - a scroll of teleportation {unknown}


   Skills:
 + Level 1.0 Fighting
 + Level 1.7 Dodging
 + Level 0.5 Stealth
 * Level 3.2 Unarmed Combat
 + Level 2.3 Spellcasting
 * Level 2.3 Transmutations


You had 4 spell levels left.
You knew the following spells:

 Your Spells              Type           Power      Damage    Failure   Level
a - Beastly Appendage     Tmut           14%        N/A       10%         1

Your spell library contained the following spells:

 Spells                   Type           Power      Damage    Failure   Level
 Wereblood                Tmut           7%         N/A       14%         2
 Spider Form              Tmut/Pois      4%         N/A       41%         3
 Ice Form                 Ice/Tmut       4%         N/A       83%         4


Dungeon Overview and Level Annotations

Branches:
Dungeon (1/15)

Altars:


Innate Abilities, Weirdness & Mutations

You have extremely sharp teeth.
When hurt, damage is shared between your health and your magic reserves.
Your bite disrupts and absorbs the magic of your enemies.
Potions cannot restore your health.


Message History

You grow a pair of large bovine horns.
Your feet morph into talons.
The hobgoblin closely misses you.
You are too injured to fight recklessly!
You are too injured to fight recklessly!
You hit the hobgoblin but do no damage. Your kick misses the hobgoblin.
The hobgoblin hits you.
You closely miss the hobgoblin. Your bite misses the hobgoblin.
The hobgoblin hits you.
* * * LOW HITPOINT WARNING * * *
You hit the hobgoblin.
You kill the hobgoblin!
Your transformation is almost over.
You start resting.
Your horns disappear.
Your talons disappear.
You start resting.
A ball python comes into view.
A ball python is nearby!
A ball python is nearby!
Found a ring mail.
You grow a pair of large bovine horns.
Your feet morph into talons.
The helpless ball python fails to defend itself.
You hit the ball python.
You kill the ball python!
No target in view!
No target in view!
No target in view!
No target in view!
No target in view!
No target in view!
No target in view!
No target in view!
No target in view!
Your transformation is almost over.
Your horns disappear.
Your talons disappear.
A ball python comes into view.
Found 10 gold pieces.
A ball python is nearby!
A ball python is nearby!
A ball python is nearby!
You miscast Beastly Appendage.
You are very lightly contaminated with residual magic.
Nothing appears to happen.
The ball python bites you. The ball python grabs you.
The ball python constricts you. The ball python bites you.
The ball python constricts you.
You see here 10 gold pieces.
You hit the ball python.
You kill the ball python!
No target in view!
No target in view!
Your magical contamination has completely faded away.
You now have 38 gold pieces (gained 10).
A goblin comes into view. It is wielding a +0 dagger.
A goblin is nearby!
A goblin is nearby!
A goblin is nearby!
The goblin shouts!
A bat comes into view.
You grow a pair of large bovine horns.
Your feet morph into talons.
Your transformation is almost over.
The goblin completely misses you.
You barely miss the goblin. You claw the goblin.
You kill the goblin!
The bat barely misses you.
You hit the bat.
You kill the bat!
No target in view!
Things that are here:
a +0 dagger; a bat corpse; a goblin corpse
Found 2 javelins.
Your horns disappear.
Your talons disappear.
A giant cockroach comes into view.
Found a gold piece.
Found a faded altar of an unknown god.
A giant cockroach is nearby!
You grow a pair of large bovine horns.
Your feet morph into talons.
Your transformation is almost over.
You hit the giant cockroach but do no damage.
Your headbutt misses the giant cockroach.
Your bite misses the giant cockroach. The giant cockroach closely misses you.
You hit the giant cockroach but do no damage.
The giant cockroach completely misses you.
The giant cockroach splashes around in the water.
You hit the giant cockroach but do no damage.
Your kick misses the giant cockroach. The giant cockroach barely misses you.
You hit the giant cockroach but do no damage.
The giant cockroach splashes around in the water.
You hit the giant cockroach.
The giant cockroach bites you but does no damage.
You hit the giant cockroach but do no damage.
You claw the giant cockroach.
You bite the giant cockroach, but do no damage.
The giant cockroach splashes around in the water.
You hit the giant cockroach.
You kill the giant cockroach!
No target in view!
You enter the shallow water.
Moving in this stuff is going to be slow.
Your horns disappear.
Your talons disappear.
You now have 39 gold pieces (gained 1).
There is a faded altar of an unknown god here.
You enter the shallow water.
Moving in this stuff is going to be slow. 3 kobolds come into view.
The kobold shouts!
The kobold moves out of view.
There are monsters nearby!
There are monsters nearby!
There are monsters nearby!
A dart slug comes into view.
A quokka comes into view.
You grow a pair of large bovine horns.
Your feet morph into talons.
The kobold shouts! x2
The kobold throws a stone.
The stone hits you but does no damage.
A kobold comes into view. It is wielding a +0 short sword.
You barely miss the kobold. Your kick misses the kobold.
A giant cockroach comes into view.
The kobold closely misses you.
You hit the kobold.
You kill the kobold!
The kobold hits you with a +0 whip.
You hit the kobold. The kobold hits you with a +0 whip. x2
* * * LOW HITPOINT WARNING * * *
You are too injured to fight recklessly!
You are too injured to fight recklessly!
You are too injured to fight recklessly!
You are too injured to fight recklessly!
You are too injured to fight recklessly!
You are too injured to fight recklessly!
You are too injured to fight recklessly!
You are too injured to fight recklessly!
You are too injured to fight recklessly!
You are too injured to fight recklessly!
You are too injured to fight recklessly!
Unknown command.
Your transformation is almost over.
You hit the kobold.
You kill the kobold!
Your horns disappear.
Your talons disappear.
The dart slug launches a dart at you. The slug dart hits you.
* * * LOW HITPOINT WARNING * * *
The kobold hits you with a +0 whip.
* * * LOW HITPOINT WARNING * * *
Things that are here:
a +0 whip; a kobold corpse The giant cockroach waves its antennae.
The giant cockroach bites you but does no damage.
The giant cockroach closely misses you. The quokka bites you.
You die...

###### ###....#
##......########...
#..≈≈≈...Kr@.....#### .#
######..≈_≈...BK.........# .#
........≈≈≈....#.###.###.# #.#
#..........#)##.# #.# #.# #.#
#.####.#####.##.##.#.##.#####.##
#.w..........###...........
#).##.#.##..#.#.##.........
#..##.#.##..##.########....
.K.## #.....)..# #.......


You could see a quokka, a giant cockroach and 2 kobolds.

Vanquished Creatures
  A giant cockroach (D:1)
  2 goblins (D:1)
  A hobgoblin (D:1)
  2 jackals (D:1)
  3 kobolds (D:1)
  A quokka (D:1)
  2 ball pythons (D:1)
  A bat (D:1)
  A frilled lizard (D:1)
  3 rats (D:1)
17 creatures vanquished.

Notes
Turn   | Place    | Note
-------+----------+-------------------------------------------
     0 | D:1      | CryoSword the Vine Stalker Transmuter began the quest for
                  | the Orb.
     0 | D:1      | Reached XP level 1. HP: 9/9 MP: 4/4
   316 | D:1      | Reached skill level 1 in Fighting
   324 | D:1      | Reached XP level 2. HP: 5/14 MP: 4/6
   901 | D:1      | Found a faded altar of an unknown god.
   937 | D:1      | Slain by a quokka

Illustrated notes

Levels and vault maps discovered:
D:1:      roderic_dead_forest, layout_loops_ring,
          hellmonk_ecumenical_altar_pennies_from_heaven, minmay_hedge_maze

Skill      XL: |  1 |
---------------+----+-----
Fighting       | 1 |  1.0
Dodging        | |  1.7
Stealth        | |  0.5
Unarmed Combat | |  3.2
Spellcasting   | |  2.3
Transmutations | |  2.3

Action                   || total
-------------------------++-------
Melee: Unarmed           ||    44
       Bite              ||     7
       Kick              ||     4
       Punch             ||     1
       Headbutt          ||     1
 Cast: Beastly Appendage ||     8
 Stab: Sleeping          ||     1
Armor: Robe              ||     4
Dodge: Dodged            ||    20
